 Dungeon Crawl Stone Soup version 0.23-a0-642-g3120c2f (webtiles) character file.

643 Azzok the Geomancer (level 7, -2/55 HPs)
             Began as a Deep Dwarf Earth Elementalist on Dec 30, 2018.
             Slain by Prince Ribbit (5 damage)
             ... on level 5 of the Dungeon.
             The game lasted 00:06:23 (4796 turns).

Azzok the Geomancer (Deep Dwarf Earth Elementalist) Turns: 4796, Time: 00:06:24

Health: -2/55      AC:  4    Str: 12    XL:     7   Next: 26%
Magic:  9/14       EV: 13    Int: 17    God:
Gold:   126        SH:  0    Dex: 15    Spells: 2/15 levels left

rFire    . . .     SeeInvis .   g - +2 dagger (venom)
rCold    . . .     Gourm    .   (no shield)
rNeg     . . .     Faith    .   c - +0 robe
rPois    .         Spirit   .   l - +1 helmet
rElec    .         Reflect  .   (no cloak)
rCorr    +         Harm     .   (no gloves)
MR       +....                  (no boots)
Stlth    ++........             (no amulet)
HPRegen  0.00/turn              a - ring of resist corrosion
MPRegen  0.14/turn              t - +2 ring of dexterity

@: non-regenerating
A: damage resistance, heal wounds, sense surroundings 1, no regeneration
a: Heal Wounds


You were on level 5 of the Dungeon.
You were near starving.

You visited 1 branch of the dungeon, and saw 5 of its levels.

You collected 126 gold pieces.

Inventory:

Hand Weapons
 g - a +2 dagger of venom (weapon)
Missiles
 b - 240 stones (quivered)
Armour
 c - a +0 robe (worn)
 l - a +1 helmet (worn)
Jewellery
 a - a ring of resist corrosion (left hand)
 t - a +2 ring of dexterity (right hand)
Wands
 s - a wand of digging (7)
 y - a wand of iceblast (9)
Scrolls
 j - a scroll of blinking
 k - 6 scrolls of teleportation
 q - 4 scrolls of remove curse {unknown}
Potions
 e - a potion of lignification
 f - 2 potions of ambrosia
 m - a potion of mutation {unknown}
 n - 2 potions of curing
 o - a potion of brilliance {unknown}
 r - a potion of cancellation {unknown}
 u - a potion of degeneration {unknown}
 w - a potion of agility {unknown}
Comestibles
 d - 7 rations


   Skills:
 - Level 2.1 Dodging
 - Level 2.4 Stealth
 + Level 4.9 Spellcasting
 - Level 0.8 Transmutations
 + Level 8.4 Earth Magic


You had 2 spell levels left.
You knew the following spells:

 Your Spells              Type           Power        Failure   Level  Hunger
a - Sandblast             Erth           ####..       1%          1    None
b - Stone Arrow           Conj/Erth      ###...       8%          3    ###....
c - Petrify               Tmut/Erth      ###.....     22%         4    ####...
d - Lee's Rapid Deconstr  Erth           ####......   13%         5    ######.

Your spell library contained the following spells:

 Spells                   Type           Power        Failure   Level  Hunger
 Passwall                 Tmut/Erth      ###.....     3%          2    #......


Dungeon Overview and Level Annotations

Branches:
Dungeon (5/15)
 Temple: D:4-7

Altars:
Elyvilon
Xom

Annotations:
D:5 Prince Ribbit


Innate Abilities, Weirdness & Mutations

You are resistant to damage.
You can heal yourself by infusing magical energy.
You passively map a small area around you.
You do not regenerate.


Message History

Casting: Stone Arrow (safe; 8% risk of failure)
Confirm with . or Enter, or press ? or * to list all spells.
Aiming: Sandblast (safe; 1% risk of failure)
Press: ? - help, Shift-Dir - straight line, f/p - Prince Ribbit
Aim: Prince Ribbit The blast of sand hits Prince Ribbit.
Prince Ribbit is lightly wounded.
b - 241 stones Prince Ribbit hits you!
* * * LOW HITPOINT WARNING * * *
Casting: Sandblast (safe; 1% risk of failure)
Confirm with . or Enter, or press ? or * to list all spells.
Aiming: Sandblast (safe; 1% risk of failure)
Press: ? - help, Shift-Dir - straight line, f/p - Prince Ribbit
Aim: Prince Ribbit (lightly wounded)
The blast of sand hits Prince Ribbit.
Prince Ribbit is heavily wounded.
b - 240 stones Prince Ribbit hits you!
You die... ░ ░ ◦ ◦ ░ ░ ◦ ·P· ◦ ◦ ░ ◦ ···◦ ░ ░░◦PPP·PPP P ◦ ◦ P·····P ··◦ ◦ ░ ▒◦ ◦◦ P·P·P·P·P ····▒▒▒▒▒P·P·P···P ◦ ▒······<·PPPFP·P ◦ ░ ░ ▒··▒▒▒▒▒···@·P·P◦ ◦ ░▒▒PPPPPPP ◦ ◦◦◦◦ ····▒▒▒▒ ◦ ◦ ░ ░ ░▒▒▒▒▒▒ ░░ ░ ░

You could see Prince Ribbit.

Vanquished Creatures
  Sigmund (D:2)
  A phantom (D:4)
  2 scorpions (D:4)
  A bullfrog skeleton (D:4)
  Ijyb (D:3)
  An iguana (D:4)
  Terence (D:2)
  Robin (D:2)
  9 adders
  An ooze (D:1)
  A worm (D:2)
  2 dart slugs
  2 leopard geckos
  4 orcs
  A ball python (D:4)
  7 bats
  5 giant cockroaches
  9 hobgoblins
  2 jackals (D:3)
  7 kobolds
  3 quokkas
  4 frilled lizards
  16 goblins
  A leopard gecko skeleton (D:4)
  9 rats
92 creatures vanquished.

Notes
Turn   | Place    | Note
-------+----------+-------------------------------------------
     0 | D:1      | Azzok the Deep Dwarf Earth Elementalist began the quest for
                  | the Orb.
     0 | D:1      | Reached XP level 1. HP: 15/15 MP: 3/3
   129 | D:1      | Reached XP level 2. HP: 13/22 MP: 3/5
   780 | D:2      | Noticed Terence
   844 | D:2      | Noticed Sigmund
   849 | D:2      | Killed Sigmund
   849 | D:2      | Reached skill level 6 in Earth Magic
   849 | D:2      | Reached XP level 3. HP: 15/28 MP: 2/8
   849 | D:2      | Reached XP level 4. HP: 19/36 MP: 2/9
   849 | D:2      | Reached XP level 5. HP: 23/42 MP: 2/10
   935 | D:2      | Learned a level 3 spell: Stone Arrow
   997 | D:2      | Found a white marble altar of Elyvilon.
  1055 | D:2      | Noticed Robin
  1308 | D:2      | Killed Robin
  1607 | D:2      | Killed Terence
  1738 | D:2      | Found a shimmering altar of Xom.
  1811 | D:2      | Reached XP level 6. HP: 32/49 MP: 1/11
  2077 | D:2      | Reached skill level 7 in Earth Magic
  2541 | D:3      | Learned a level 4 spell: Petrify
  2547 | D:3      | Learned a level 5 spell: Lee's Rapid Deconstruction
  3202 | D:3      | Noticed Ijyb
  3215 | D:3      | Killed Ijyb
  3885 | D:4      | Reached skill level 8 in Earth Magic
  3885 | D:4      | Reached XP level 7. HP: 28/55 MP: 3/14
  4789 | D:5      | Entered Level 5 of the Dungeon
  4791 | D:5      | Noticed Prince Ribbit
  4796 | D:5      | Slain by Prince Ribbit

Vault maps used:
D:1:      lightli_arrival_chessboard, minmay_pentomino_p2
D:2:      elyvilon_altar_5, xom_teletrap_fun, first_ration, uniq_sigmund,
          uniq_terence, uniq_robin
D:3:      cheibrodos_old_hovel, uniq_ijyb
D:5:      gammafunk_temple_of_torment, kennysheep_mini,
          minmay_temple_entry_ruins, minmay_hedge_maze, uniq_prince_ribbit1

Skill      XL: |  1  2  3  4  5  6 |
---------------+-------------------+-----
Spellcasting   | 2 3 4 |  4.9
Earth Magic    | 6 8 |  8.4
Dodging        | |  2.1
Stealth        | |  2.4
Transmutations | |  0.8

Action                   |  1- 3 |  4- 6 |  7- 9 || total
-------------------------+-------+-------+-------++-------
Melee: Dagger            |     3 |    42 |       ||    45
 Cast: Sandblast         |    26 |    17 |     4 ||    47
       Stone Arrow       |       |    65 |    14 ||    79
 Abil: Heal Wounds       |       |     1 |       ||     1
  Use: Scroll            |       |       |     8 ||     8
 Stab: Sleeping          |       |     1 |       ||     1
  Eat: Chunk             |       |    14 |       ||    14
       Ration            |       |       |     1 ||     1
Armor: Robe              |     1 |    11 |       ||    12
Dodge: Dodged            |     2 |    30 |     2 ||    34

Table legend:
 A = Non-vault XP
 B = Vault XP
 C = Vault XP percentage of total XP
 D = Non-vault monster count
 E = Vault monster count
 F = Vault count percentage of total count
                 A         B        C        D         E       F
            +---------+---------+-------+---------+---------+-------
      Total |     571 |     348 |  37.9 |      75 |      17 |  18.5
            +---------+---------+-------+---------+---------+-------
        D:1 |      31 |       3 |   8.8 |      14 |       2 |  12.5
        D:2 |      99 |     296 |  74.9 |      22 |      13 |  37.1
        D:3 |      68 |      49 |  41.9 |      26 |       2 |   7.1
        D:4 |     373 |       0 |   0.0 |      13 |       0 |   0.0
            +---------+---------+-------+---------+---------+-------
